 Dungeon Crawl Stone Soup version 0.28-a0-622-gbaef9634d7 (webtiles) character file.

Game seed: 3085680707383305557

4735 KristoblXynda the Carver (level 10, -5/88 HPs)
             Began as a Yellow Draconian Fighter on Oct 7, 2021.
             Was an Elder of Okawaru.
             Slain by Harold (18 damage)
             ... on level 9 of the Dungeon.
             The game lasted 00:13:47 (12803 turns).

KristoblXynda the Carver (DrFi)                    Turns: 12803, Time: 00:13:48

Health: -5/88      AC:  7    Str: 16 (18) XL:     10   Next: 22%
Magic:  0/12       EV: 14    Int: 10 (12) God:    Okawaru [****..]
Gold:   744        SH:  4    Dex: 10 (11) Spells: 9/9 levels left

rFire   . . .      SeeInvis .   a - +0 long sword
rCold   . . .      Faith    .   b - +0 buckler
rNeg    . . .      Spirit   +   (armour unavailable)
rPois   .          Reflect  .   (helmet restricted)
rElec   .          Harm     .   (no cloak)
rCorr   +          Rampage  .   (no gloves)
Will    .....                   (no boots)
Stlth   +.........              v - amulet of guardian spirit
HPRegen 0.24/turn               m - +4 ring of slaying
MPRegen 0.13/turn               o - +4 ring of protection

@: mighty, marked, corroded
A: spit acid, AC +7, unfitting armour, cold-blooded, acid resistance
a: Breathe Acid, Renounce Religion, Heroism, Finesse


You were on level 9 of the Dungeon.
You worshipped Okawaru.
Okawaru was greatly pleased with you.
You visited 2 branches of the dungeon, and saw 10 of its levels.

You collected 870 gold pieces.
You spent 126 gold pieces at shops.

Inventory:

Hand Weapons
 a - a +0 long sword (weapon)
Armour
 b - a +0 buckler (worn)
Jewellery
 m - a +4 ring of slaying (left hand)
 o - a +4 ring of protection (right hand)
 v - an amulet of guardian spirit (around neck)
Wands
 q - a wand of iceblast (2)
Scrolls
 f - a scroll of enchant weapon {unknown}
 g - a scroll of holy word
 i - 3 scrolls of immolation {unknown}
 l - 4 scrolls of teleportation
 s - 3 scrolls of blinking
 t - a scroll of fear {unknown}
 u - a scroll of torment {unknown}
 w - a scroll of fog {unknown}
 y - a scroll of magic mapping
Potions
 c - a potion of might
 d - a potion of brilliance
 e - a potion of resistance
 h - 2 potions of curing
 j - a potion of magic
 k - 2 potions of attraction
 n - 3 potions of haste
 p - a potion of degeneration
 r - a potion of flight


   Skills:
 - Level 8.0 Fighting
 + Level 10.4 Long Blades
 + Level 7.4 Dodging
 - Level 4.1 Shields
 + Level 3.1 Invocations
 + Level 1.6 Evocations


You had 9 spell levels left.
You didn't know any spells.
Your spell library contained the following spells:

 Spells                   Type           Power      Damage    Failure   Level
 Beastly Appendage        Tmut           0%         N/A       36%         1
 Pain                     Necr           0%         1d4       36%         1
 Sandblast                Erth           0%         2d4       36%         1
 Passwall                 Tmut/Erth      0%         N/A       50%         2
 Scorch                   Fire           0%         2d5       50%         2
 Wereblood                Tmut           0%         N/A       50%         2
 Gell's Gravitas          Tloc           0%         N/A       75%         3
 Lesser Beckoning         Tloc           0%         N/A       75%         3
 Spider Form              Tmut/Pois      0%         N/A       75%         3
 Stone Arrow              Conj/Erth      0%         3d7       75%         3
 Teleport Other           Tloc           0%         N/A       75%         3
 Flame Wave               Conj/Fire      0%         3d3       98%         4
 Agony                    Necr           0%         N/A       100%        5
 Excruciating Wounds      Necr           0%         N/A       100%        5
 Iskenderun's Battlesphe  Conj           0%         2d6       100%        5
 Iron Shot                Conj/Erth      0%         9d1       100%        6
 Summon Cactus Giant      Summ           Unusable   N/A       N/A         6
 Spellforged Servitor     Conj/Summ      Unusable   N/A       N/A         7

Dungeon Overview and Level Annotations

Branches:
Dungeon (9/15)             Temple (1/1) D:5
   Lair: D:8-11         Orc: D:9-12

Altars:
Cheibriados
Dithmenos
Elyvilon
Fedhas
Gozag
Hepliaklqana
Kikubaaqudgha
Makhleb
Nemelex Xobeh
Okawaru
Qazlal
Ru
Sif Muna
Trog
Uskayaw
Vehumet
Wu Jian
Xom
Yredelemnul
Zin

Shops:
D:4 !

Portals:
Abyss: D:6

Annotations:
D:6 2 transporters, Thargor's ghost, novice SpEn
D:9 Harold; Maggie


Innate Abilities, Weirdness & Mutations

You can spit globs of acid.
Your golden yellow scales are hard. (AC +7)
You cannot fit into any form of body armour.
You are cold-blooded and may be slowed by cold attacks.
You are resistant to acid. (rCorr)


Message History

Harold is lightly wounded.
Harold closely misses you.
You hit Harold.
Harold is lightly wounded.
Harold zaps a wand.
The bolt of acid hits you! You resist. The acid corrodes you!
You slash Harold! You tail-slap Harold, but do no damage.
Harold is moderately wounded.
Harold zaps a wand.
The bolt of acid misses you.
You hit Harold. You tail-slap Harold.
Harold is moderately wounded.
Harold hits you with a +0 great sword!
* * * LOW HITPOINT WARNING * * *
Unknown command.
Harold closely misses you.
You feel very mighty all of a sudden.
Harold zaps a wand.
The bolt of acid hits you! You resist.
* * * LOW HITPOINT WARNING * * *
The now-empty wand crumbles to dust.
It was a potion of degeneration.
There was something very wrong with that liquid.
You feel weakened.
You feel dopey.
You feel clumsy. Harold closely misses you.
Unknown command.
You slash Harold!
Harold is heavily wounded.
Harold hits you with a +0 great sword.
* * * LOW HITPOINT WARNING * * *
Unknown command.
You barely miss Harold. You tail-slap Harold.
Harold is heavily wounded.
You have got your breath back.
Unknown command.
You barely miss Harold.
Harold is heavily wounded.
Harold closely misses you.
You barely miss Harold.
Harold is heavily wounded.
Harold hits you with a +0 great sword!!
You die...

#.# .# #.# ###.##
#.# #..... #.####.#
#. # #.##...# #. #.
#.##.#.###.
#.########.##.#.....
#...##.....)).#####.
#@#.....)#### #.#
#@......<# ##.##
#...).......# #.#
####........# ##.##
#.#.....## #.#
#.##...## #.
#.###.## #. #.# #.#
#. #. #.# #.


You could see Harold (corroded).

Vanquished Creatures
  A cane toad (shapeshifter) (D:8)
  Psyche (D:9)
  A wyvern (D:8)
  A shadow (D:8)
  2 steam dragons
  A water moccasin (D:7)
  A sky beast (D:7)
  4 ice beasts
  An orc warrior (D:7)
  A black bear (D:8)
  5 centaurs
  4 kobold brigands (D:6)
  2 bullfrogs (D:7)
  A wyvern zombie (D:6)
  A gnoll sergeant (D:9)
  4 killer bees
  A water moccasin skeleton (D:7)
  7 wights
  2 electric eels
  5 howler monkeys
  2 bullfrog zombies (D:6)
  2 centaur zombies
  A jelly (D:6)
  2 bullfrog skeletons
  5 gnoll shamans
  4 iguanas
  7 orc wizards
  A howler monkey zombie (D:7)
  Robin (D:4)
  A howler monkey skeleton (D:7)
  3 adders
  33 gnolls
  A white imp (D:7)
  A worm (D:3)
  26 orcs
  A bat (D:1)
  8 endoplasms
  3 giant cockroaches
  16 goblins
  13 hobgoblins
  7 jackals
  51 kobolds
  3 quokkas
  4 ball pythons
  2 frilled lizards
  3 rats
247 creatures vanquished.

Vanquished Creatures (others)
  8 fungi (D:9)
  5 plants (D:8)
13 creatures vanquished.

Grand Total: 260 creatures vanquished

Notes
Turn   | Place    | Note
-------+----------+-------------------------------------------
     0 | D:1      | KristoblXynda the Draconian Fighter began the quest for the
                  | Orb.
     0 | D:1      | Reached XP level 1. HP: 19/19 MP: 1/1
   531 | D:1      | Reached XP level 2. HP: 26/26 MP: 2/2
  1592 | D:2      | Reached skill level 3 in Long Blades
  1592 | D:2      | Reached XP level 3. HP: 18/31 MP: 3/3
  1737 | D:2      | Found a faded altar of an unknown god.
  2460 | D:3      | Found a hazy altar of Hepliaklqana.
  2828 | D:4      | Reached XP level 4. HP: 38/38 MP: 4/4
  2978 | D:4      | Found Rucuom's Distillery.
  2986 | D:4      | Bought a potion of curing for 36 gold pieces
  3092 | D:4      | Noticed Robin
  3107 | D:4      | Killed Robin
  3524 | D:4      | Reached skill level 4 in Long Blades
  3524 | D:4      | Reached XP level 5. HP: 23/45 MP: 5/5
  3526 | D:4      | HP: 2/45 [orc (3)]
  4000 | D:4      | Found an opulent altar of Gozag.
  5098 | D:5      | Entered Level 5 of the Dungeon
  5194 | D:5      | Noticed a centaur
  5207 | D:5      | Killed a centaur
  5208 | D:5      | Reached XP level 6. HP: 31/51 MP: 6/6
  5342 | D:5      | Found a staircase to the Ecumenical Temple.
  5354 | Temple   | Entered the Ecumenical Temple
  5623 | Temple   | Became a worshipper of Warmaster Okawaru
  5751 | D:5      | Reached skill level 5 in Long Blades
  6422 | D:6      | Noticed an ice beast
  6434 | D:6      | Killed an ice beast
  6435 | D:6      | Your scales start taking on a golden yellow colour.
  6435 | D:6      | Reached XP level 7. HP: 24/59 MP: 7/7
  6435 | D:6      | Gained mutation: You are resistant to acid. (rCorr) [Yellow
                  | Draconian growth]
  6783 | D:6      | Found a one-way gate to the infinite horrors of the Abyss.
  6797 | D:6      | Identified the +7 hunting sling "Vietogh" {vorpal, rC+
                  | rCorr Str+4}
  7000 | D:6      | Found a transporter.
  7009 | D:6      | Noticed Thargor's ghost (novice SpEn)
  7023 | D:6      | Found a transporter.
  7062 | D:6      | Reached skill level 6 in Long Blades
  7148 | D:6      | Reached * piety under Okawaru
  7563 | D:6      | Reached skill level 5 in Fighting
  7733 | D:6      | Reached skill level 5 in Dodging
  7744 | D:6      | Reached XP level 8. HP: 67/68 MP: 8/8
  7777 | D:6      | Reached skill level 7 in Long Blades
  8140 | D:6      | Reached ** piety under Okawaru
  8405 | D:6      | Reached skill level 8 in Long Blades
  9156 | D:7      | Reached XP level 9. HP: 78/78 MP: 9/9
  9160 | D:7      | Found a snail-covered altar of Cheibriados.
  9161 | D:7      | Found a hide-covered altar of Uskayaw.
  9325 | D:7      | Reached skill level 9 in Long Blades
  9518 | D:7      | Reached *** piety under Okawaru
 10009 | D:8      | Found Zin's Purification Station.
 10012 | D:8      | Found a glowing silver altar of Zin.
 10015 | D:8      | Bought a potion of curing for 90 gold pieces
 10028 | D:8      | Noticed a fire crab
 10234 | D:8      | Noticed a cane toad
 10244 | D:8      | Killed a cane toad
 10383 | D:8      | Reached skill level 10 in Long Blades
 10683 | D:8      | Found a stormy altar of Qazlal.
 10690 | D:8      | Reached skill level 1 in Invocations
 11850 | D:9      | Reached XP level 10. HP: 88/88 MP: 11/11
 11859 | D:9      | Noticed a two-headed ogre
 12024 | D:9      | Noticed Maggie
 12039 | D:8      | Reached **** piety under Okawaru
 12480 | D:9      | Noticed Harold
 12485 | D:9      | Noticed Psyche
 12488 | D:9      | Reached skill level 1 in Evocations
 12621 | D:9      | Killed Psyche
 12803 | D:9      | Slain by Harold

Illustrated notes

Levels and vault maps discovered:
D:1:      minmay_arrival_stone_box, layout_basic, grunt_decor_junction,
          corexii_item_surrounded_by_moat, bh_walls_and_bars
D:2:      layout_loops_ring, hellmonk_ecumenical_altar_zigzags
D:3:      layout_rooms, marbit_many_paths
D:4:      layout_layer_cave, grunt_gozag_breadcrumbs, serial_shops,
          nicolae_shop_competitors_out_of_business, uniq_robin
D:5:      layout_rooms, minmay_temple_entry_drinking_statues,
          serial_park_tiny_pond
D:6:      minmay_goblin_kobold_castle, layout_basic,
          gammafunk_ghost_abyssal_escape, minmay_misc_feat_cross, fountainhead
D:7:      layout_rooms, jmf_multi_god_temple, minmay_puff
D:8:      layout_rooms, kennysheep_little_box, zin_purify, serial_bayou_ford_a,
          kennysheep_generic_room_9
D:9:      layout_loops_ring, mainiacjoe_overflow_boulevard, uniq_harold,
          uniq_erolcha, uniq_maggie, uniq_psyche
Temple:   minmay_temple_curvy_branch

Skill      XL: |  1  2  3  4  5  6  7  8  9 10 |
---------------+-------------------------------+-----
Dodging        | 3 4 5 6 7 |  7.4
Long Blades    | 3 4 5 6 8 10 | 10.4
Shields        | 4 |  4.1
Fighting       | 4 5 6 7 8 |  8.0
Invocations    | 2 3 |  3.1
Evocations     | 1 |  1.6

Action                   |  1- 3 |  4- 6 |  7- 9 | 10-12 || total
-------------------------+-------+-------+-------+-------++-------
Melee: Long sword        |   107 |   135 |   411 |    78 ||   731
       Tailslap          |    10 |    14 |    53 |    11 ||    88
 Abil: Breathe Acid      |       |       |     5 |     6 ||    11
Evoke: Wand              |       |     3 |     5 |       ||     8
  Use: Scroll            |       |     7 |     5 |     3 ||    15
       Potion            |       |     3 |     1 |     6 ||    10
 Stab: Sleeping          |     1 |       |     1 |       ||     2
Armor: Skin              |    15 |    49 |   205 |    35 ||   304
Dodge: Dodged            |    60 |   108 |   315 |    95 ||   578
Block: Buckler           |    27 |    36 |   110 |    22 ||   195

Table legend: (Time is in decaauts)
 A = Elapsed time spent in this place.
 B = Non-inter-level travel time spent in this place.
 C = Inter-level travel time spent in this place.
 D = Time resting spent in this place.
 E = Time spent auto-exploring this place.
 F = Levels seen in this place.
 G = Mean time per level.
                   A        B        C        D        E       F      G
               +--------+--------+--------+--------+--------+-----+--------+
         Total |  12876 |  12603 |    273 |   4777 |   5988 |  10 | 1287.6 |
       Dungeon |  12576 |  12352 |    224 |   4777 |   5744 |   9 | 1397.3 |
        Temple |    299 |    250 |     49 |      0 |    244 |   1 |  299.0 |
               +--------+--------+--------+--------+--------+-----+--------+

Top non-repeatable levels by time:
     D:6: 2571 daAuts
     D:8: 1935 daAuts
     D:4: 1629 daAuts
     D:3: 1462 daAuts
     D:7: 1401 daAuts
     D:1: 1045 daAuts
     D:2: 1015 daAuts
     D:5: 956 daAuts
     D:9: 557 daAuts
  Temple: 299 daAuts
